 Dungeon Crawl Stone Soup version 0.22-a0-580-gd5db89c09a (webtiles) character file.

172 Kholdaimon the Slasher (level 5, -6/41 HPs)
             Began as a Merfolk Gladiator on July 3, 2018.
             Splashed by Ijyb's acid (16 damage)
             ... on level 3 of the Dungeon.
             The game lasted 00:09:26 (2668 turns).

Kholdaimon the Slasher (Merfolk Gladiator)          Turns: 2668, Time: 00:09:26

Health: -6/41      AC:  4    Str: 14    XL:     5   Next: 53%
Magic:  5/5        EV: 15    Int:  9    God:
Gold:   146        SH:  0    Dex: 15    Spells: 4/4 levels left

rFire    . . .     SeeInvis .   a - +0 long sword
rCold    . . .     Gourm    .   (no shield)
rNeg     . . .     Faith    .   b - +0 leather armour
rPois    .         Spirit   .   c - +0 helmet
rElec    .         Reflect  .   (no cloak)
rCorr    .         Harm     .   (no gloves)
MR       .....                  (no boots)
Stlth    +.........             (no amulet)
HPRegen  0.13/turn              (no ring)
MPRegen  0.09/turn              (no ring)

@: no status effects
A: change form in water, swift swim, stealthy swim
a: no special abilities


You were on level 3 of the Dungeon.
You were not hungry.

You visited 1 branch of the dungeon, and saw 3 of its levels.

You collected 146 gold pieces.

Inventory:

Hand Weapons
 a - a +0 long sword (weapon)
 m - a +0 dagger of venom
Missiles
 d - 3 throwing nets
 j - 93 stones (quivered)
 y - 4 curare-tipped needles
Armour
 b - a +0 leather armour (worn)
 c - a +0 helmet (worn)
 l - a +0 scale mail
 w - a +0 ring mail
 z - a +0 ring mail
Jewellery
 p - an uncursed amulet of regeneration {unknown}
Wands
 i - a wand of random effects (25)
Scrolls
 e - 3 scrolls of identify {unknown}
 g - 3 scrolls of remove curse {unknown}
 h - a scroll of magic mapping {unknown}
 o - 3 scrolls of enchant armour {unknown}
 s - 3 scrolls of enchant weapon {unknown}
 u - a scroll of noise {unknown}
 v - a scroll of blinking {unknown}
Potions
 k - a potion of degeneration {unknown}
 n - 2 potions of mutation {unknown}
 q - 3 potions of curing {unknown}
 r - 2 potions of lignification {unknown}
 t - a potion of might {unknown}
 x - a potion of heal wounds {unknown}
 B - a potion of resistance {unknown}
Comestibles
 f - 8 rations
 A - 2 chunks of flesh


   Skills:
 - Level 3.1 Fighting
 * Level 5.4 Long Blades
 - Level 2.0 Throwing
 + Level 5.3 Dodging


You had 4 spell levels left.
You didn't know any spells.
Your spell library was empty.

Dungeon Overview and Level Annotations

Branches:
Dungeon (3/15)

Altars:
Ashenzari
Cheibriados

Annotations:
D:3 Ijyb


Message History

Ijyb closely misses you.
You riposte.
You completely miss Ijyb.
Ijyb is moderately wounded.
You hit Ijyb but do no damage.
Ijyb is moderately wounded.
Ijyb barely misses you.
You riposte.
You miss Ijyb.
Ijyb is moderately wounded.
You barely miss Ijyb.
Ijyb is moderately wounded.
Ijyb barely misses you.
You riposte.
You closely miss Ijyb.
Ijyb is moderately wounded.
You hit Ijyb.
Ijyb is moderately wounded.
Ijyb misses you.
You riposte.
You hit Ijyb but do no damage.
Ijyb is moderately wounded.
You closely miss Ijyb.
Ijyb is moderately wounded.
Ijyb hits you but does no damage.
Ijyb zaps a wand.
The bolt of acid hits you!
* * * LOW HITPOINT WARNING * * *
You are splashed with acid!
The acid burns!
You die...

### ..# ############ #.#
#...@g(.((.( #.# #.##......#. #.#
#..##.....# ### #.###...##....#
##.# #........##...# ##..#
#########.........##..# ##...##
#.......#..........##.#..##.....#
#.......#...........######......#
#.......#...........#...#........


You could see Ijyb.

Vanquished Creatures
  Natasha (thrice) (D:2)
  4 adders
  An ooze (D:1)
  3 dart slugs
  2 leopard geckos (D:3)
  4 orcs (D:3)
  3 giant cockroaches (D:2)
  5 goblins
  5 hobgoblins
  3 kobolds
  A quokka (D:2)
  4 bats
  3 frilled lizards
  8 rats
49 creatures vanquished.

Notes
Turn   | Place    | Note
-------+----------+-------------------------------------------
     0 | D:1      | Kholdaimon the Merfolk Gladiator began the quest for the Orb.
     0 | D:1      | Reached XP level 1. HP: 16/16 MP: 1/1
    82 | D:1      | Reached XP level 2. HP: 20/23 MP: 2/2
   609 | D:2      | Noticed Natasha
   617 | D:1      | Reached XP level 3. HP: 28/28 MP: 3/3
   624 | D:2      | Killed Natasha
   679 | D:2      | Reached XP level 4. HP: 17/34 MP: 4/4
  1113 | D:2      | Noticed Natasha
  1124 | D:2      | Killed Natasha
  1333 | D:2      | Found a faded altar of an unknown god.
  1495 | D:2      | Noticed Natasha
  1506 | D:2      | Killed Natasha
  1506 | D:2      | Reached skill level 5 in Long Blades
  1506 | D:2      | Reached skill level 5 in Dodging
  1506 | D:2      | Reached XP level 5. HP: 9/41 MP: 5/5
  1979 | D:3      | Found a snail-covered altar of Cheibriados.
  2191 | D:3      | Found a shattered altar of Ashenzari.
  2647 | D:3      | Noticed Ijyb
  2668 | D:3      | Splashed by Ijyb's acid

Vault maps used:
D:1:      mrwooster_arrival_statue_3
D:2:      chequers_ecumenical_altar_simple, uniq_natasha
D:3:      nicolae_ashenzari_panopticon, kennysheep_slug_shrine, first_ration,
          fountainhead, uniq_ijyb

Skill      XL: |  1  2  3  4 |
---------------+-------------+-----
Long Blades    | 4 5 |  5.4
Fighting       | 3 |  3.1
Dodging        | 5 |  5.3
Throwing       | |  2.0

Action                   |  1- 3 |  4- 6 || total
-------------------------+-------+-------++-------
Melee: Long sword        |    53 |   105 ||   158
Throw: Stone             |     8 |    49 ||    57
  Eat: Chunk             |       |     6 ||     6
Armor: Leather armour    |    11 |    22 ||    33
Dodge: Dodged            |    49 |    98 ||   147
       Rpst.: Long sword |    15 |    36 ||    51

Table legend:
 A = Spawn XP
 B = Non-spawn XP
 C = Spawn XP percentage of total XP
 D = Spawn monster count
 E = Non-spawn monster count
 F = Spawn count percentage of total count
 G = Total turns spent on level
                    A         B        C        D         E        F      G
               +---------+---------+-------+---------+---------+-------+---------
         Total |       0 |     247 |   0.0 |       0 |      49 |   0.0 |  2668
               +---------+---------+-------+---------+---------+-------+---------
           D:1 |       0 |      34 |   0.0 |       0 |      11 |   0.0 |   611
           D:2 |       0 |     150 |   0.0 |       0 |      20 |   0.0 |  1384
           D:3 |       0 |      63 |   0.0 |       0 |      18 |   0.0 |   673
               +---------+---------+-------+---------+---------+-------+---------
